 Dungeon Crawl Stone Soup version 0.25.1-2-g60ff931df9 (webtiles) character file.

Game seed: 16265906589378981275

1491 Almogavar the Slinger (level 9, -1/58 HPs)
             Began as a Halfling Hunter on Sept 1, 2020.
             Slain by a manticore (10 damage)
             ... on level 6 of the Dungeon.
             The game lasted 00:35:45 (8244 turns).

Almogavar the Slinger (Halfling Hunter)             Turns: 8244, Time: 00:35:45

Health: -1/58      AC:  5    Str: 14    XL:     9   Next: 7%
Magic:  9/9        EV: 18    Int:  9    God:
Gold:   200        SH:  5    Dex: 23    Spells: 8/8 levels left

rFire    . . .     SeeInvis .   b - +0 short sword
rCold    . . .     Gourm    .   (shield restricted)
rNeg     + . .     Faith    .   c - +0 leather armour
rPois    .         Spirit   .   h - +1 hat
rElec    .         Reflect  +   (no cloak)
rCorr    .         Harm     .   (no gloves)
MR       .....                  r - +0 pair of boots
Stlth    ++........             y - amulet of reflection
HPRegen  0.19/turn              j - ring of positive energy
MPRegen  0.11/turn              D - +6 ring of dexterity

@: hasted, very quick
A: small, mutation resistance 1
a: no special abilities


You were on level 6 of the Dungeon.
You were hungry.

You visited 1 branch of the dungeon, and saw 6 of its levels.
You also visited: Sewer.

You collected 200 gold pieces.

Inventory:

Hand Weapons
 a - a +2 hunting sling
 b - a +0 short sword (weapon)
Missiles
 g - 209 stones (quivered)
Armour
 c - a +0 leather armour (worn)
 d - a +0 chain mail
 h - a +1 hat (worn)
 r - a +0 pair of boots (worn)
 z - a +0 kite shield
Jewellery
 i - an uncursed amulet of guardian spirit
 j - a ring of positive energy (left hand)
 x - an uncursed ring of protection from cold
 y - an amulet of reflection (around neck)
 D - a +6 ring of dexterity (right hand)
Scrolls
 e - 6 scrolls of teleportation
 l - 2 scrolls of fear
 m - 2 scrolls of amnesia
 o - 2 scrolls of magic mapping
 C - 2 scrolls of fog
 F - 2 scrolls of noise {unknown}
Potions
 n - a potion of curing
 p - 2 potions of cancellation
 q - 3 potions of stabbing
 s - 3 potions of flight {unknown}
 u - 3 potions of heal wounds
 v - 3 potions of might {unknown}
 w - 2 potions of brilliance {unknown}
 B - a potion of magic {unknown}
Comestibles
 f - 13 rations


   Skills:
 + Level 3.9 Fighting
 + Level 5.6 Short Blades
 + Level 10.4 Slings
 + Level 3.6 Armour
 + Level 4.8 Dodging
 + Level 2.3 Stealth
 + Level 1.3 Shields


You had 8 spell levels left.
You didn't know any spells.
Your spell library was empty.

Dungeon Overview and Level Annotations

Branches:
Dungeon (6/15)              Sewer (visited)
 Temple: D:4-7

Altars:
Gozag
Hepliaklqana
Okawaru
Vehumet
Zin

Shops:
D:4 [:


Innate Abilities, Weirdness & Mutations

You are small and have problems with some larger weapons.
You are somewhat resistant to further mutation.


Message History

You block the manticore's attack.
You hit the manticore but do no damage.
The manticore is moderately wounded.
You hit the manticore but do no damage.
The manticore is moderately wounded.
The manticore completely misses you. The manticore claws you!
* * * LOW HITPOINT WARNING * * *
The manticore claws you.
* * * LOW HITPOINT WARNING * * *
You feel much better. The manticore completely misses you.
The manticore claws you. x2
You feel yourself speed up. You block the manticore's attack.
The manticore claws you. The manticore claws you!
* * * LOW HITPOINT WARNING * * *
You hit the manticore but do no damage.
The manticore is moderately wounded.
The manticore bites you.
* * * LOW HITPOINT WARNING * * *
The manticore closely misses you. The manticore claws you!
You die...

###.##.# ##.####
.......####......
#..<......#
#.####..#.#
#.......#
#.......# #
#########.##.#.#
#..............#
#?..@.♣.....♣..#
#......H.♣♣...♣♣
.#
..##....(♣♣♣.♣♣
#..♣♣♣( ♣.♣ ##.
♣(♣.♣ ## ♣♣.♣ .♣.
♣ ♣


You could see a manticore.

Vanquished Creatures
  A water moccasin (D:5)
  A sky beast (D:5)
  3 ogres
  A phantom (D:4)
  2 big kobolds (Sewer)
  A scorpion (D:4)
  4 wights (D:5)
  A crimson imp (D:5)
  A jelly (D:5)
  2 orc wizards (D:4)
  A gnoll shaman (D:4)
  A hound (D:4)
  Jessica (D:3)
  An iguana (D:5)
  4 worker ants (D:4)
  8 adders
  4 gnolls
  8 river rats (Sewer)
  A shadow imp (D:5)
  An ooze (Sewer)
  An adder skeleton (D:5)
  2 leopard geckos
  9 orcs
  6 giant cockroaches
  7 goblins
  6 hobgoblins
  3 jackals (D:5)
  19 kobolds
  2 quokkas
  5 ball pythons (Sewer)
  A ball python skeleton (D:4)
  5 frilled lizards
  2 quokka skeletons
  27 rats
142 creatures vanquished.

Notes
Turn   | Place    | Note
-------+----------+-------------------------------------------
     0 | D:1      | Almogavar the Halfling Hunter began the quest for the Orb.
     0 | D:1      | Reached XP level 1. HP: 14/14 MP: 1/1
    91 | D:1      | Reached skill level 6 in Slings
   219 | D:1      | Reached XP level 2. HP: 19/19 MP: 2/2
   925 | D:2      | Reached XP level 3. HP: 24/24 MP: 3/3
   988 | D:2      | Reached skill level 7 in Slings
  1282 | D:3      | Reached skill level 1 in Short Blades
  1343 | D:3      | Found a hazy altar of Hepliaklqana.
  1344 | D:3      | Found an opulent altar of Gozag.
  1345 | D:3      | Found a glowing silver altar of Zin.
  1433 | D:3      | Reached XP level 4. HP: 29/29 MP: 4/4
  1517 | D:3      | Noticed Jessica
  1521 | D:3      | Killed Jessica
  1681 | D:3      | Found a glowing drain.
  1685 | Sewer    | Entered a sewer
  1865 | Sewer    | Reached XP level 5. HP: 34/34 MP: 5/5
  1909 | Sewer    | Reached skill level 1 in Armour
  2380 | Sewer    | Noticed a big kobold
  2405 | Sewer    | Killed a big kobold
  2405 | Sewer    | Reached skill level 8 in Slings
  2405 | Sewer    | Reached XP level 6. HP: 22/39 MP: 3/6
  3709 | D:4      | Found an iron altar of Okawaru.
  3737 | D:4      | Reached XP level 7. HP: 38/45 MP: 7/7
  4337 | D:4      | Found Dauker's Antique Armour Emporium.
  4726 | D:4      | Reached skill level 9 in Slings
  4790 | D:4      | Found Boveh's Book Shop.
  4935 | D:4      | Reached XP level 8. HP: 42/52 MP: 8/8
  5106 | D:4      | Found a radiant altar of Vehumet.
  5614 | D:5      | Entered Level 5 of the Dungeon
  6581 | D:5      | Reached skill level 5 in Short Blades
  6813 | D:5      | Reached skill level 10 in Slings
  6813 | D:5      | Reached skill level 1 in Shields
  7785 | D:5      | Reached XP level 9. HP: 42/58 MP: 9/9
  8219 | D:6      | Noticed a manticore
  8244 | D:6      | Slain by a manticore

Illustrated notes

Levels and vault maps discovered:
D:1:      dpeg_arrival_renting, layout_basic
D:2:      layout_rooms, first_ration
D:3:      layout_basic, gammafunk_temple_overflow_forgotten,
          gup_sewer_entry_spiral, uniq_jessica
D:4:      minmay_chambers_of_fours, layout_rooms, lemuel_round_altar,
          overflow_temple_1_default, serial_shops, nicolae_shop_statue_plus,
          nicolae_shop_stone
D:5:      layout_basic
D:6:      layout_loops_cross, kb_rosetta, uniq_prince_ribbit1, uniq_edmund

Skill      XL: |  1  2  3  4  5  6  7  8 |
---------------+-------------------------+-----
Slings         | 6 7 8 9 10 | 10.4
Short Blades   | 1 2 3 4 5 |  5.6
Fighting       | 2 3 |  3.9
Armour         | 2 3 |  3.6
Dodging        | 3 4 |  4.8
Stealth        | 2 |  2.3
Shields        | 1 |  1.3

Action                   |  1- 3 |  4- 6 |  7- 9 || total
-------------------------+-------+-------+-------++-------
Melee: Short sword       |    47 |   220 |   349 ||   616
 Fire: Hunting sling     |    61 |    62 |   151 ||   274
  Use: Scroll            |     4 |     3 |     6 ||    13
       Potion            |       |     3 |     2 ||     5
 Stab: Sleeping          |     1 |       |       ||     1
       Distracted        |       |       |     1 ||     1
  Eat: Chunk             |     1 |     5 |    10 ||    16
       Ration            |       |     1 |     1 ||     2
Armor: Leather armour    |    10 |    50 |    34 ||    94
Dodge: Dodged            |    31 |   227 |   203 ||   461
Block: Other             |       |       |    61 ||    61
       Reflection        |       |       |     1 ||     1
